 Dungeon Crawl Stone Soup version 0.30-a0-141-g30f27751c5 (webtiles) character file.

Game seed: 15667998601979076474

18 qw the Shield-Bearer (level 2, -1/19 HPs)
             Began as a Gargoyle Fighter on Sept 25, 2022.
             Slain by a kobold
             ... wielding a +0 dagger
              (3 damage)
             ... on level 1 of the Dungeon.
             The game lasted 00:00:07 (411 turns).

qw the Shield-Bearer (Gargoyle Fighter)              Turns: 411, Time: 00:00:08

Health: -1/19      AC:  9    Str: 19    XL:     2   Next: 66%
Magic:  2/2        EV:  9    Int:  8    God:
Gold:   0          SH:  4    Dex:  9    Spells: 1/1 levels left

rFire   . . .      SeeInvis .    a - +0 war axe
rCold   . . .      Faith    .    c - +0 buckler
rNeg    + . .      Spirit   .    b - +0 scale mail
rPois   inf        Reflect  .    (no helmet)
rElec   +          Harm     .    (no cloak)
rCorr   .          Rampage  .    (no gloves)
Will    .....                    (no boots)
Stlth   ..........               (no amulet)
HPRegen 0.06/turn                (no ring)
MPRegen 0.08/turn                (no ring)

@: no status effects
A: sickness immunity, AC +2, negative energy resistance 1, electricity
resistance, torment resistance 1, petrification resistance
a: no special abilities


You were on level 1 of the Dungeon.
You visited 1 branch of the dungeon, and saw 1 of its levels.


Innate Abilities, Weirdness & Mutations

You are immune to sickness and miasma.
Your stone body is resilient. (AC +2)
You are immune to poison.
You resist negative energy. (rN+)
You are resistant to electric shocks. (rElec)
You are resistant to unholy torment.
You are immune to petrification.


   Skills:
 - Level 3.2 Fighting
 + Level 2.9 Axes
 - Level 3.2 Armour
 - Level 3.2 Shields


You had one spell level left.
You didn't know any spells.
Your spell library was empty.

Inventory:

Hand Weapons
 a - a +0 war axe (weapon)
Armour
 b - a +0 scale mail (worn)
 c - a +0 buckler (worn)
Jewellery
 e - a +6 ring of dexterity
 j - a +6 ring of intelligence
Scrolls
 f - a scroll of silence {unknown}
 g - a scroll of identify {unknown}
 i - a scroll of enchant armour {unknown}
Potions
 d - a potion of might
 h - a potion of heal wounds {unknown}

Dungeon Overview and Level Annotations

Branches:
Dungeon (1/15)

Altars:


Message History

You block the ball python's attack.
You slash the ball python!
You kill the ball python!
You barely miss the quokka.
The quokka bites you but does no damage.
You closely miss the hobgoblin. You closely miss the quokka.
The quokka bites you. You block the hobgoblin's attack.
The quokka bites you but does no damage.
The hobgoblin hits you.
A kobold comes into view. It is wielding a +0 dagger.
You closely miss the hobgoblin. You miss the quokka.
The kobold shouts!
The quokka bites you. The hobgoblin hits you.
The quokka bites you but does no damage.
You slash the hobgoblin!
You kill the hobgoblin!
You barely miss the quokka. The quokka bites you.
You miss the quokka.
The quokka bites you but does no damage. x2
You miss the quokka. The quokka barely misses you.
You closely miss the quokka. The quokka closely misses you.
The quokka bites you. The kobold hits you with a +0 dagger.
You slash the quokka!
You kill the quokka!
You hit the kobold but do no damage.
A kobold comes into view.
It is wielding a +2 whip of electrocution.
The kobold barely misses you.
You barely miss the kobold.
The kobold shouts!
You hear a shout!
You block the kobold's attack.
You closely miss the kobold. The kobold closely misses you.
You block the kobold's attack.
You barely miss the kobold. The kobold hits you but does no damage.
You barely miss the kobold. The kobold hits you with a +0 dagger.
You die...

######.######.#
#.............#
#.......####..
#.......####+##########
#.......%......#.......
####...........#.......
#..............#.......
#
#....###########%!.....
.
#...>..........@.K.....
.
#...............K......
.
#....###########.......
. #....# .....## .
#....# .....# #....#
...(..? #....# .......
###### .......


You could see 2 kobolds.

Vanquished Creatures
  A dart slug (D:1)
  2 ball pythons (D:1)
  A bat (D:1)
  2 endoplasms (D:1)
  A goblin (D:1)
  2 hobgoblins (D:1)
  A quokka (D:1)
  4 rats (D:1)
14 creatures vanquished.

Notes
Turn   | Place    | Note
-------+----------+-------------------------------------------
     0 | D:1      | qw the Gargoyle Fighter began the quest for the Orb.
     0 | D:1      | Reached XP level 1. HP: 14/14 MP: 1/1
     0 | D:1      | 0 ||| qw: Version: 0.2-a-10-g399e6c4
     0 | D:1      | 0 ||| qw: Game counter: 106
     0 | D:1      | 0 ||| qw: Always use a shield: true
     0 | D:1      | 0 ||| qw: God list: Okawaru
     0 | D:1      | 0 ||| qw: Allow faded altars: false
     0 | D:1      | 0 ||| qw: Do Orc after D:15 true
     0 | D:1      | 0 ||| qw: Do second Lair branch before Depths: true
     0 | D:1      | 0 ||| qw: Lair rune preference: random
     0 | D:1      | 0 ||| qw: Plans: Normal, Zot:1-4, God:TSO, Crypt, Tomb,
                  | Pan, Slime:5, Hells, Abyss, Orb
     0 | D:1      | 0 ||| PLANNING D:1-11
   170 | D:1      | Reached XP level 2. HP: 12/19 MP: 2/2
   335 | D:1      | Found a faded altar of an unknown god.
   406 | D:1      | HP: 4/19 [quokka (4)]
   406 | D:1      | HP: 1/19 [kobold/+0 dagger (3)]
   411 | D:1      | Slain by a kobold

Levels and vault maps discovered:
D:1:      onia_arrival_pyramid, layout_basic, basic_ecumenical_altar

Skill      XL: |  1 |
---------------+----+-----
Axes           | 2 |  2.9
Fighting       | |  3.2
Armour         | |  3.2
Shields        | |  3.2

Action                   || total
-------------------------++-------
Melee: War axe           ||    37
Armor: Scale mail        ||    18
Dodge: Dodged            ||    10
Block: Buckler           ||     9

Table legend:
 A = Non-vault XP
 B = Vault XP
 C = Vault XP percentage of total XP
 D = Non-vault monster count
 E = Vault monster count
 F = Vault count percentage of total count
                 A         B        C        D         E       F
            +---------+---------+-------+---------+---------+-------
      Total |      26 |       0 |   0.0 |      14 |       0 |   0.0
            +---------+---------+-------+---------+---------+-------
        D:1 |      26 |       0 |   0.0 |      14 |       0 |   0.0
            +---------+---------+-------+---------+---------+-------
